 Dungeon Crawl Stone Soup version 0.29.0-4-gdea44cf6ec (webtiles) character file.

Game seed: 13115397139024676235

87 qw the Chopper (level 4, 0/26 HPs)
             Began as a Tengu Warper on Aug 28, 2022.
             Succumbed to their own poison gas
             ... on level 2 of the Dungeon.
             The game lasted 00:00:13 (2370 turns).

qw the Chopper (Tengu Warper)                       Turns: 2370, Time: 00:00:13

Health: 0/26       AC: 10    Str: 13    XL:     4   Next: 51%
Magic:  8/8        EV:  3    Int: 13    God:
Gold:   154        SH:  0    Dex: 14    Spells: 7/7 levels left

rFire   . . .      SeeInvis .   Y - +1 hand axe
rCold   . . .      Faith    .   (no shield)
rNeg    + . .      Spirit   .   k - +0 plate armour
rPois   .          Reflect  .   (helmet restricted)
rElec   .          Harm     .   (no cloak)
rCorr   .          Rampage  .   (no gloves)
Will    .....                   (boots unavailable)
Stlth   ..........              (no amulet)
HPRegen 0.08/turn               f - ring of positive energy
MPRegen 0.11/turn               (no ring)

@: lethally poisoned (0 -> -3)
A: beak, talons 3
a: no special abilities


You were on level 2 of the Dungeon.
You visited 1 branch of the dungeon, and saw 4 of its levels.

You collected 154 gold pieces.


Innate Abilities, Weirdness & Mutations

You have a beak for a mouth.
You have claws for feet.


   Skills:
 - Level 2.0 Fighting
 + Level 4.7 Axes
 - Level 1.0 Throwing
 - Level 2.0 Armour
 - Level 2.1 Dodging
 - Level 2.0 Spellcasting
 - Level 2.4 Translocations


You had 7 spell levels left.
You didn't know any spells.
Your spell library contained the following spells:

 Spells                   Type           Power      Damage    Failure   Level
 Blink                    Tloc           14%        N/A       100%        2
 Gell's Gravitas          Tloc           7%         N/A       100%        3
 Lesser Beckoning         Tloc           7%         N/A       100%        3
 Teleport Other           Tloc           7%         N/A       100%        3
 Manifold Assault         Tloc           7%         N/A       100%        5

Inventory:

Hand Weapons
 g - a +0 whip
 Y - a +1 hand axe (weapon)
Armour
 k - a +0 plate armour (worn)
Jewellery
 f - a ring of positive energy (left hand)
Scrolls
 a - a scroll of identify
Potions
 e - a potion of lignification {unknown}

Dungeon Overview and Level Annotations

Branches:
Dungeon (4/15)
 Temple: D:4-7

Altars:


Message History

2358 ||| READING 2 scrolls labelled YQISO VAMEYM.
The air fills with toxic fumes!
As you read the scroll labelled YQISO VAMEYM, it crumbles to dust.
It was a scroll of poison.
Done exploring.
2359 ||| READING scroll labelled RISEGI MIUCIS.
As you read the scroll labelled RISEGI MIUCIS, it crumbles to dust.
It is a scroll of enchant weapon.
Your +0 hand axe glows red for a moment.
Done exploring.
2360 ||| DROPPING scroll of poison.
You drop a scroll of poison.
Done exploring.
(D) Dungeon
Where to? (* - list waypoints, Enter - D:2, ? - help)
What level of the Dungeon? (default 1, ? - help) Sorry, I don't know how to get there.
Done exploring.
2361 ||| Stepping randomly (stuck).
Really walk into that cloud of poison gas?
You are engulfed in poison gas.
You are poisoned.
You feel very sick.
2362 ||| Stepping ~*~*~tactically~*~*~ (cloud).
You feel very sick.
You see here a scroll of poison.
There is a lethal amount of poison in your body!
You feel very sick.
There is a lethal amount of poison in your body!
You feel sick.
There is a lethal amount of poison in your body!
You feel sick.
There is a lethal amount of poison in your body!
You feel sick.
There is a lethal amount of poison in your body!
You feel sick.
There is a lethal amount of poison in your body!
You feel sick.
There is a lethal amount of poison in your body!
You feel sick.
There is a lethal amount of poison in your body!
You die...

.......# #...##.#
..#....## #############
.####...## ##.#.#0#.#.#.#
.# #.#..# ##.#.#.#.#.#.##
.# #..#.####
#.#.#0#.#.#.#.# .#
##).....# #0.#0#.#.#.#.##
.#
##..##.###.#.#.#.#.#.#.#
.#
##.##..##.@#.#.#.#.#.####
.#
#..##.####.#.#.#.#.#...#
.# ##..#.#
#.#)#.#.#.#.##.# .#
##...####.#.#.#.#.#...#
.# ##....).#.#.#.#.#.##.#
## ##.####.#.#.#.#.#...#
# #.# #.#.#.#.#.#.#..#
#.# ##.###......##.# ##
#.## #.# #......##.##


There were no monsters in sight!

Vanquished Creatures
  3 adders
  A worm (D:2)
  2 dart slugs
  6 bats
  3 endoplasms (D:1)
  6 goblins
  8 hobgoblins
  4 quokkas
  9 ball pythons
  3 frilled lizards (D:1)
  2 kobolds
  4 rats
51 creatures vanquished.

Notes
Turn   | Place    | Note
-------+----------+-------------------------------------------
     0 | D:1      | qw the Tengu Warper began the quest for the Orb.
     0 | D:1      | Reached XP level 1. HP: 12/12 MP: 4/4
     0 | D:1      | 0 ||| qw: Version: 0.1-a-89-g26bdef1
     0 | D:1      | 0 ||| qw: Game counter: 786
     0 | D:1      | 0 ||| qw: Always use a shield: true
     0 | D:1      | 0 ||| qw: God list: Okawaru
     0 | D:1      | 0 ||| qw: Allow faded altars: false
     0 | D:1      | 0 ||| qw: Do Orc after D:15 true
     0 | D:1      | 0 ||| qw: Do second Lair branch before Depths: true
     0 | D:1      | 0 ||| qw: Lair rune preference: random
     0 | D:1      | 0 ||| qw: Plans: Normal
     0 | D:1      | 0 ||| PLANNING D:1-11
    33 | D:1      | Found a faded altar of an unknown god.
    81 | D:1      | 81 ||| Stepping ~*~*~tactically~*~*~ (stealth).
    83 | D:1      | 83 ||| Stepping ~*~*~tactically~*~*~ (stealth).
   149 | D:1      | Reached skill level 3 in Axes
   149 | D:1      | Reached XP level 2. HP: 15/17 MP: 6/6
   201 | D:1      | 201 ||| Stepping ~*~*~tactically~*~*~ (hiding).
   381 | D:1      | 381 ||| Stepping ~*~*~tactically~*~*~ (stealth).
   389 | D:1      | 389 ||| Stepping ~*~*~tactically~*~*~ (stealth).
   408 | D:1      | 408 ||| Stepping ~*~*~tactically~*~*~ (stealth).
   779 | D:1      | 779 ||| Stepping ~*~*~tactically~*~*~ (stealth).
   780 | D:1      | 780 ||| Stepping ~*~*~tactically~*~*~ (stealth).
   783 | D:1      | Reached XP level 3. HP: 21/21 MP: 7/7
   948 | D:1      | 948 ||| DROPPING +0 club.
  1083 | D:1      | Reached skill level 4 in Axes
  1531 | D:1      | 1531 ||| UPGRADING to +0 plate armour.
  1541 | D:1      | 1541 ||| DROPPING +0 leather armour.
  1542 | D:1      | 1542 ||| UPGRADING to ring of positive energy.
  1543 | D:1      | 1543 ||| READING 2 scrolls labelled BOYHYH DEABO.
  1544 | D:1      | 1544 ||| READING scroll labelled FYWIVE FIKHE.
  1545 | D:1      | 1545 ||| READING scroll labelled HACUSS POISSE.
  1546 | D:1      | 1546 ||| READING scroll labelled WEFUDOEWUKH.
  1547 | D:1      | 1547 ||| DROPPING scroll of blinking.
  1580 | D:2      | 1580 ||| STAIRDANCE
  1593 | D:2      | 1593 ||| STAIRDANCE
  1698 | D:2      | 1698 ||| STAIRDANCE
  1739 | D:2      | You fall into a shaft and drop 2 floors!
  1775 | D:2      | 1775 ||| Stepping ~*~*~tactically~*~*~ (stealth).
  1777 | D:2      | 1777 ||| Stepping ~*~*~tactically~*~*~ (stealth).
  1795 | D:2      | Reached XP level 4. HP: 26/26 MP: 8/8
  1889 | D:2      | 1889 ||| Stepping ~*~*~tactically~*~*~ (stealth).
  2358 | D:2      | 2358 ||| READING 2 scrolls labelled YQISO VAMEYM.
  2359 | D:2      | 2359 ||| READING scroll labelled RISEGI MIUCIS.
  2360 | D:2      | 2360 ||| DROPPING scroll of poison.
  2361 | D:2      | 2361 ||| Stepping randomly (stuck).
  2362 | D:2      | 2362 ||| Stepping ~*~*~tactically~*~*~ (cloud).
  2365 | D:2      | HP: 6/26 [poisoned by you (poison gas)]
  2368 | D:2      | HP: 2/26 [poisoned by you (poison gas)]
  2370 | D:2      | Succumbed to their own poison gas

Levels and vault maps discovered:
D:1:      tarquinn_simple_flora_water_a, layout_loops_corners,
          ebering_ecumenical_altar_mist, corner_web_ring, minmay_misc_feat_chi,
          minmay_close_crescents
D:2:      layout_rooms, minivault_23
D:3:      layout_basic, kennysheep_doodads, uniq_natasha, uniq_grinder,
          uniq_sigmund, uniq_terence
D:4:      layout_rooms, mainiacjoe_overflow_alcove_2,
          minmay_temple_entry_junction

Skill      XL: |  1  2  3 |
---------------+----------+-----
Axes           | 3 4 |  4.7
Armour         | 2 |  2.0
Fighting       | |  2.0
Throwing       | |  1.0
Dodging        | |  2.1
Spellcasting   | |  2.0
Translocations | |  2.4

Action                   |  1- 3 |  4- 6 || total
-------------------------+-------+-------++-------
Melee: Hand axe          |    86 |    39 ||   125
       Peck              |    18 |     3 ||    21
       Kick              |    11 |     7 ||    18
       Punch             |     1 |       ||     1
Throw: Boomerang         |     7 |       ||     7
  Use: Scroll            |     4 |     2 ||     6
Armor: Leather armour    |    13 |       ||    13
       Plate armour      |    34 |    29 ||    63
Dodge: Dodged            |    22 |     8 ||    30

Table legend:
 A = Non-vault XP
 B = Vault XP
 C = Vault XP percentage of total XP
 D = Non-vault monster count
 E = Vault monster count
 F = Vault count percentage of total count
                 A         B        C        D         E       F
            +---------+---------+-------+---------+---------+-------
      Total |     118 |       7 |   5.6 |      47 |       4 |   7.8
            +---------+---------+-------+---------+---------+-------
        D:1 |      59 |       7 |  10.6 |      30 |       4 |  11.8
        D:2 |      55 |       0 |   0.0 |      16 |       0 |   0.0
        D:3 |       4 |       0 |   0.0 |       1 |       0 |   0.0
            +---------+---------+-------+---------+---------+-------
